EL
MOBILE BAYBEARS @ JACKSONVILLE SUNS
06/09/2048
 
TOP OF THE 1ST
Mobile BayBears batting - Pitching for Jacksonville Suns : RHP Eric Stevenson
Pitching: RHP Eric Stevenson
Batting: RHB Carlos Ballesteros 0-0: Ball
1-0: Called Strike
1-1: Swinging Strike
1-2: Foul Ball, location: 2F
1-2: Ball
2-2: Ball
3-2: SINGLE (Groundball, 6D, EV 98.1 MPH)
Batting: RHB Franklin Villanueva 0-0: Grounds into double play, 4-6-3 (Groundball, 4, EV 113.8 MPH)
Batting: LHB Soo-yeon Kym 0-0: Ball
1-0: Swinging Strike
1-1: Foul Ball, location: 2F
1-2: Fly out, F8 (Flyball, 8LM, EV 98.1 MPH)
Top of the 1st over - 0 runs, 1 hit, 0 errors, 0 left on base; Mobile 0 - Jacksonville 0
BOTTOM OF THE 1ST
Jacksonville Suns batting - Pitching for Mobile BayBears : LHP Sean Zech
Pitching: LHP Sean Zech
Batting: RHB Boof Howell 0-0: Called Strike
0-1: Foul Ball, location: 2F
0-2: Ball
1-2: Ball
2-2: Foul Ball, location: 2F
2-2: Ball
3-2: SINGLE (Line Drive, 8RS, EV 101.9 MPH)
Batting: SHB Matt Moore 0-0: Called Strike
0-1: Ball
1-1: Foul Ball, location: 2F
1-2: Foul Ball, location: 2F
1-2: SINGLE (Groundball, 34D, EV 104.4 MPH)
Boof Howell to second
Runner from 2nd tries for 3rd, SAFE, throw by RF made to third
Batting: RHB Akira Suzuki 0-0: Ball
1-0: Called Strike
1-1: Ball
2-1: Swinging Strike
2-2: Ball
3-2: Base on Balls
Matt Moore to second
Batting: RHB Miguel Velasco 0-0: Called Strike
0-1: SINGLE (Groundball, 4D, EV 97.5 MPH)
Boof Howell scores
Matt Moore to third
Akira Suzuki to second
Batting: RHB Larry LeFever 0-0: Foul Ball, location: 2F
0-1: Foul Ball, location: 2F
0-2: Foul Ball, location: 2F
0-2: Fly out, F7 (Flyball, 7S, EV 76.9 MPH)
Batting: LHB Dong-u Chang 0-0: Called Strike
0-1: Foul Ball, location: 2F
0-2: Ball
1-2: Ball
2-2: TRIPLE (Flyball, 89XD, EV 97.5 MPH)
Matt Moore scores
Akira Suzuki scores
Miguel Velasco scores
Batting: RHB Tom Thompson 0-0: Foul Ball, location: 2F
0-1: Foul Ball, location: 2F
0-2: Ball
1-2: Foul Ball, location: 2F
1-2: Ball
2-2: Ball
3-2: Foul Ball, location: 2F
3-2: Base on Balls
Batting: LHB Matt McKeon 0-0: Ball
Tom Thompson steals 2nd base
1-0: Ball
2-0: Foul Ball, location: 2F
2-1: SINGLE (Groundball, 4S, EV 66.2 MPH) (infield hit)
Dong-u Chang scores
Tom Thompson to third
Pitching: RHP Tadatoki Yoshida
Batting: RHB Len Graham 0-0: Called Strike
0-1: Ball
1-1: Ball
2-1: Foul Ball, location: 2F
2-2: Grounds into double play, 5-4-3 (Groundball, 56, EV 85.0 MPH)
Bottom of the 1st over - 5 runs, 5 hits, 0 errors, 1 left on base; Mobile 0 - Jacksonville 5
TOP OF THE 2ND
Mobile BayBears batting - Pitching for Jacksonville Suns : RHP Eric Stevenson
Batting: RHB Blake Beale 0-0: Fly out, F7 (Flyball, 78D, EV 81.2 MPH)
Batting: RHB Chris Bittner 0-0: Foul Ball, location: 2F
0-1: Foul Ball, location: 2F
0-2: Strikes out swinging
Batting: RHB Josh Burrows 0-0: Ball
1-0: Ball
2-0: Ball
3-0: Called Strike
3-1: Called Strike
3-2: Base on Balls
Batting: RHB Paul Schreiber 0-0: Called Strike
0-1: Ball
1-1: SINGLE (Groundball, 6MD, EV 107.5 MPH)
Josh Burrows to second
Batting: RHB Jeremy Adams 0-0: Called Strike
0-1: Called Strike
0-2: Strikes out swinging passed ball, reaches first!
Josh Burrows to third
Paul Schreiber to second
Batting: RHB Curt Barrett 0-0: Fielders Choice at 2nd, 6-4 (Groundball, 6, EV 90.6 MPH)
Top of the 2nd over - 0 runs, 1 hit, 0 errors, 3 left on base; Mobile 0 - Jacksonville 5
BOTTOM OF THE 2ND
Jacksonville Suns batting - Pitching for Mobile BayBears : RHP Tadatoki Yoshida
Batting: RHB Boof Howell 0-0: SINGLE (Groundball, 34D, EV 95.0 MPH)
Batting: SHB Matt Moore 0-0: Called Strike
0-1: Foul Ball, location: 2F
0-2: Grounds into double play, 4-6-3 (Groundball, 4, EV 103.1 MPH)
Batting: RHB Akira Suzuki 0-0: Called Strike
0-1: Ball
1-1: Swinging Strike
1-2: Foul Ball, location: 2F
1-2: Fly out, F9 (Flyball, 9LD, EV 96.2 MPH)
Bottom of the 2nd over - 0 runs, 1 hit, 0 errors, 0 left on base; Mobile 0 - Jacksonville 5
TOP OF THE 3RD
Mobile BayBears batting - Pitching for Jacksonville Suns : RHP Eric Stevenson
Batting: RHB Carlos Ballesteros 0-0: Fly out, F8 (Line Drive, 8RM, EV 95.6 MPH)
Batting: RHB Franklin Villanueva 0-0: Called Strike
0-1: Foul Ball, location: 2F
0-2: Ground out 6-3 (Groundball, 6, EV 104.4 MPH)
Batting: LHB Soo-yeon Kym 0-0: Called Strike
0-1: Swinging Strike
0-2: Ball
1-2: Foul Ball, location: 2F
1-2: SINGLE (Flyball, 5D, EV 90.0 MPH)
Batting: RHB Blake Beale 0-0: Called Strike
0-1: Fly out, F8 (Flyball, 8RS, EV 86.2 MPH)
Top of the 3rd over - 0 runs, 1 hit, 0 errors, 1 left on base; Mobile 0 - Jacksonville 5
BOTTOM OF THE 3RD
Jacksonville Suns batting - Pitching for Mobile BayBears : RHP Tadatoki Yoshida
Batting: RHB Miguel Velasco 0-0: Ball
1-0: Called Strike
1-1: Swinging Strike
1-2: Strikes out swinging
Batting: RHB Larry LeFever 0-0: SINGLE (Flyball, 8RS, EV 98.8 MPH)
Batting: LHB Dong-u Chang 0-0: Ball
1-0: Called Strike
1-1: Called Strike
1-2: Strikes out looking
Batting: RHB Tom Thompson 0-0: Called Strike
0-1: Called Strike
0-2: Ball
Pickoff Throw to First - Out! 1-3
Bottom of the 3rd over - 0 runs, 1 hit, 0 errors, 0 left on base; Mobile 0 - Jacksonville 5
TOP OF THE 4TH
Mobile BayBears batting - Pitching for Jacksonville Suns : RHP Eric Stevenson
Batting: RHB Chris Bittner 0-0: Ball
1-0: Foul Ball, location: 2F
1-1: Ball
2-1: Foul Ball, location: 2F
2-2: Ball
3-2: DOUBLE (Line Drive, 78D, EV 103.1 MPH)
Batting: RHB Josh Burrows 0-0: Ground out 4-3 (Groundball, 4M, EV 87.5 MPH)
Chris Bittner to third
Batting: RHB Paul Schreiber 0-0: Called Strike
0-1: Ball
1-1: SINGLE (Groundball, 56D, EV 111.9 MPH)
Chris Bittner scores
Batting: RHB Jeremy Adams 0-0: Ball
1-0: Ball
2-0: Called Strike
2-1: Called Strike
2-2: Fly out, F8 (Flyball, 8LS, EV 88.1 MPH)
Batting: RHB Curt Barrett 0-0: Ball
1-0: Ball
2-0: Foul Ball, location: 2F
2-1: DOUBLE (Line Drive, 7LD, EV 100.6 MPH)
Paul Schreiber to third
Runner from 3rd tries for Home, throw by LF and OUT! 7-6-2
Top of the 4th over - 1 run, 3 hits, 0 errors, 1 left on base; Mobile 1 - Jacksonville 5
BOTTOM OF THE 4TH
Jacksonville Suns batting - Pitching for Mobile BayBears : RHP Tadatoki Yoshida
Batting: RHB Tom Thompson 0-0: Called Strike
0-1: Swinging Strike
0-2: Ball
1-2: Ground out 5-3 (Groundball, 56S, EV 63.8 MPH)
Batting: LHB Matt McKeon 0-0: Swinging Strike
0-1: Foul Ball, location: 2F
0-2: Foul Ball, location: 2F
0-2: Ball
1-2: Ball
2-2: DOUBLE (Line Drive, 7LS, EV 100.0 MPH)
Batting: RHB Len Graham 0-0: Fly out, F9 (Line Drive, 89S, EV 97.5 MPH)
Batting: RHB Boof Howell 0-0: Called Strike
0-1: Ball
1-1: Ball
2-1: Foul Ball, location: 2F
2-2: Foul Ball, location: 2F
2-2: Ball
3-2: Foul Ball, location: 2F
3-2: DOUBLE (Line Drive, 9LS, EV 105.6 MPH)
Matt McKeon scores
Batting: SHB Matt Moore 0-0: Called Strike
0-1: Ball
1-1: Ball
2-1: Called Strike
2-2: DOUBLE (Line Drive, 7LS, EV 107.5 MPH)
Boof Howell scores
Batting: RHB Akira Suzuki 0-0: Ball
1-0: Swinging Strike
1-1: Called Strike
1-2: Ball
2-2: Ball
3-2: Strikes out swinging
Bottom of the 4th over - 2 runs, 3 hits, 0 errors, 1 left on base; Mobile 1 - Jacksonville 7
TOP OF THE 5TH
Mobile BayBears batting - Pitching for Jacksonville Suns : RHP Eric Stevenson
Batting: RHB Carlos Ballesteros 0-0: Foul Ball, location: 2F
0-1: Swinging Strike
0-2: Ball
1-2: SINGLE (Groundball, 56D, EV 98.1 MPH)
Batting: RHB Franklin Villanueva 0-0: Ball
1-0: Ball
2-0: Ball
3-0: Base on Balls
Carlos Ballesteros to second
Batting: LHB Soo-yeon Kym 0-0: Ball
1-0: Ball
2-0: Ball
3-0: Called Strike
3-1: Base on Balls
Carlos Ballesteros to third
Franklin Villanueva to second
Batting: RHB Blake Beale 0-0: Ball
1-0: DOUBLE (Line Drive, 78XD, EV 106.2 MPH)
Carlos Ballesteros scores
Franklin Villanueva scores
Soo-yeon Kym to third
Runner from 3rd tries for Home, SAFE, throw by LF to trailing runner, OUT at third! 7-3-5
Batting: RHB Chris Bittner 0-0: Ball
1-0: Foul Ball, location: 2F
1-1: Ball
2-1: Foul Ball, location: 2F
2-2: Foul Ball, location: 2F
2-2: Ball
3-2: Base on Balls
Batting: RHB Josh Burrows 0-0: Foul Ball, location: 2F
0-1: Grounds into double play, 6-4-3 (Groundball, 6, EV 83.8 MPH)
Top of the 5th over - 3 runs, 2 hits, 0 errors, 0 left on base; Mobile 4 - Jacksonville 7
BOTTOM OF THE 5TH
Jacksonville Suns batting - Pitching for Mobile BayBears : RHP Tadatoki Yoshida
Batting: RHB Miguel Velasco 0-0: Foul Ball, location: 2F
0-1: Ball
1-1: SINGLE (Groundball, 6MD, EV 108.8 MPH)
Batting: RHB Larry LeFever 0-0: Ball
1-0: Ball
2-0: Ball
3-0: Called Strike
3-1: Swinging Strike
3-2: DOUBLE (Flyball, 89XD, EV 92.5 MPH)
Miguel Velasco to third
Pitching: RHP Ming-feng Pi
Batting: LHB Dong-u Chang 0-0: Called Strike
0-1: Foul Ball, location: 2F
0-2: Ball
1-2: Ball
2-2: Ball
3-2: Strikes out looking
Batting: RHB Tom Thompson 0-0: DOUBLE (Line Drive, 9LS, EV 98.1 MPH)
Miguel Velasco scores
Larry LeFever scores
Batting: LHB Matt McKeon 0-0: Ball
1-0: TRIPLE (Line Drive, 8LXD, EV 108.1 MPH)
Tom Thompson scores
Batting: RHB Len Graham 0-0: Ball
1-0: Swinging Strike
1-1: Ground out 6-3 (Groundball, 6, EV 94.4 MPH)
Matt McKeon scores
Batting: RHB Boof Howell 0-0: Ball
1-0: Swinging Strike
1-1: Foul Ball, location: 2F
1-2: Strikes out swinging
Bottom of the 5th over - 4 runs, 4 hits, 0 errors, 0 left on base; Mobile 4 - Jacksonville 11
TOP OF THE 6TH
Mobile BayBears batting - Pitching for Jacksonville Suns : RHP Eric Stevenson
Batting: RHB Paul Schreiber 0-0: Swinging Strike
0-1: Ball
1-1: Foul Ball, location: 2F
1-2: Ground out 3-1 (Groundball, 34, EV 83.1 MPH)
Batting: RHB Jeremy Adams 0-0: Ball
1-0: Called Strike
1-1: Foul Ball, location: 2F
1-2: Ball
2-2: Ground out 6-3 (Groundball, 6, EV 82.5 MPH)
Batting: RHB Curt Barrett 0-0: Ball
1-0: Foul Ball, location: 2F
1-1: Foul Ball, location: 2F
1-2: Foul Ball, location: 2F
1-2: Fly out, F9 (Flyball, 9S, EV 71.2 MPH)
Top of the 6th over - 0 runs, 0 hits, 0 errors, 0 left on base; Mobile 4 - Jacksonville 11
BOTTOM OF THE 6TH
Jacksonville Suns batting - Pitching for Mobile BayBears : RHP Ming-feng Pi
Batting: SHB Matt Moore 0-0: Called Strike
0-1: Ball
1-1: Ball
2-1: DOUBLE (Groundball, 3D, EV 105.0 MPH)
Batting: RHB Akira Suzuki 0-0: Called Strike
0-1: Ball
1-1: Swinging Strike
1-2: Ball
2-2: Strikes out looking
Batting: RHB Miguel Velasco 0-0: Swinging Strike
0-1: SINGLE (Flyball, 9S, EV 87.5 MPH)
Matt Moore to third
Batting: RHB Larry LeFever 0-0: Swinging Strike
0-1: Foul Ball, location: 2F
0-2: Ball
1-2: Ball
2-2: Foul Ball, location: 2F
2-2: Foul Ball, location: 2F
2-2: Strikes out looking
Batting: LHB Dong-u Chang 0-0: Ball
1-0: SINGLE (Line Drive, 8RS, EV 90.6 MPH)
Matt Moore scores
Miguel Velasco to second
Batting: RHB Tom Thompson 0-0: Foul Ball, location: 2F
0-1: Called Strike
0-2: Strikes out swinging
Bottom of the 6th over - 1 run, 3 hits, 0 errors, 2 left on base; Mobile 4 - Jacksonville 12
TOP OF THE 7TH
Mobile BayBears batting - Pitching for Jacksonville Suns : RHP Eric Stevenson
Pitching: RHP Matt Alexander
Pinch Hitting: SHB Ed Vargas 0-0: Ball
1-0: Ball
2-0: Called Strike
2-1: Foul Ball, location: 2F
2-2: Strikes out swinging
Pinch Hitting: RHB Ben Alspach 0-0: Called Strike
0-1: Ball
1-1: SOLO HOME RUN (Flyball, 7LD, EV 97.5 MPH), Distance : 359 ft
Batting: LHB Soo-yeon Kym 0-0: Ground out U3 (Groundball, 3, EV 84.4 MPH)
Pinch Hitting: RHB Steve Machol 0-0: Foul Ball, location: 2F
0-1: Ball
1-1: Ball
2-1: Called Strike
2-2: DOUBLE (Flyball, 8LXD, EV 100.0 MPH)
Batting: RHB Chris Bittner 0-0: 2-RUN HOME RUN (Flyball, 7D, EV 97.5 MPH), Distance : 372 ft
Pitching: RHP Earl Shepherd
Batting: RHB Josh Burrows 0-0: Called Strike
0-1: Foul Ball, location: 2F
0-2: Hit by Pitch, AND HE CHARGES THE MOUND! The benches clear!
Pitching: RHP Campbell Wagenmakers
Pinch Runner at 1st T.J. Duvall:
Batting: RHB Paul Schreiber 0-0: Called Strike
0-1: Ball
1-1: Ball
2-1: Called Strike
2-2: Foul Ball, location: 2F
2-2: Ball
3-2: Strikes out swinging
Top of the 7th over - 3 runs, 3 hits, 0 errors, 1 left on base; Mobile 7 - Jacksonville 12
BOTTOM OF THE 7TH
Jacksonville Suns batting - Pitching for Mobile BayBears : RHP Ming-feng Pi
Now at 1B: T.J. Duvall
Now at 3B: Ben Alspach
Now at SS: Ed Vargas
Now in CF: Koson Hirai
Batting: LHB Matt McKeon 0-0: Ball
1-0: Ball
2-0: Foul Ball, location: 2F
2-1: DOUBLE (Flyball, 78D, EV 95.6 MPH)
Batting: RHB Len Graham 0-0: Called Strike
0-1: Ball
1-1: DOUBLE (Flyball, 9LD, EV 99.4 MPH)
Matt McKeon scores
Pitching: RHP Manuel Maldonado
Batting: RHB Boof Howell 0-0: Foul Ball, location: 2F
0-1: Ground out 4-3 (Groundball, 4, EV 110.0 MPH)
Len Graham to third
Batting: SHB Matt Moore 0-0: Called Strike
0-1: Fly out, F4 (Popup, 13S, EV 88.1 MPH)
Batting: RHB Akira Suzuki 0-0: Ground out 6-3 (Groundball, 4M, EV 87.5 MPH)
Bottom of the 7th over - 1 run, 2 hits, 0 errors, 1 left on base; Mobile 7 - Jacksonville 13
TOP OF THE 8TH
Mobile BayBears batting - Pitching for Jacksonville Suns : RHP Campbell Wagenmakers
Batting: RHB Jeremy Adams 0-0: Ball
1-0: Called Strike
1-1: Foul Ball, location: 2F
1-2: Foul Ball, location: 2F
1-2: Hit by Pitch
Batting: RHB Curt Barrett 0-0: Called Strike
0-1: Ball
1-1: Swinging Strike
1-2: Strikes out swinging
Batting: SHB Ed Vargas 0-0: Called Strike
0-1: Fielders Choice at 2nd, 5-4 (Groundball, 56, EV 84.4 MPH)
Batting: RHB Ben Alspach 0-0: Ball
1-0: Called Strike
1-1: Hit by Pitch
Ed Vargas to second
Batting: LHB Soo-yeon Kym 0-0: DOUBLE (Line Drive, 5D, EV 95.6 MPH)
Ed Vargas scores
Ben Alspach to third
Runner from 3rd tries for Home, SAFE, no throw by LF
Batting: LHB Koson Hirai 0-0: Swinging Strike
0-1: Called Strike
0-2: Ball
1-2: DOUBLE (Line Drive, 78D, EV 100.0 MPH)
Soo-yeon Kym scores
Pitching: LHP Tyler Murders
Batting: RHB Chris Bittner 0-0: Called Strike
0-1: Ball
1-1: Foul Ball, location: 2F
1-2: Strikes out swinging
Top of the 8th over - 3 runs, 2 hits, 0 errors, 1 left on base; Mobile 10 - Jacksonville 13
BOTTOM OF THE 8TH
Jacksonville Suns batting - Pitching for Mobile BayBears : RHP Manuel Maldonado
Batting: RHB Miguel Velasco 0-0: Called Strike
0-1: Ball
1-1: Ball
2-1: Ball
3-1: Foul Ball, location: 2F
3-2: Strikes out swinging
Batting: RHB Larry LeFever 0-0: Ball
1-0: Ball
2-0: Fly out, F7 (Flyball, 78S, EV 87.5 MPH)
Batting: LHB Dong-u Chang 0-0: Ground out 6-3 (Groundball, 6, EV 101.9 MPH)
Bottom of the 8th over - 0 runs, 0 hits, 0 errors, 0 left on base; Mobile 10 - Jacksonville 13
TOP OF THE 9TH
Mobile BayBears batting - Pitching for Jacksonville Suns : LHP Tyler Murders
Pitching: RHP Chris Forster
Batting: LHB T.J. Duvall 0-0: Called Strike
0-1: Ball
1-1: Ball
2-1: Ground out U3 (Groundball, 3L, EV 77.5 MPH)
Batting: RHB Paul Schreiber 0-0: Called Strike
0-1: Ground out 5-3 (Groundball, 56S, EV 90.0 MPH)
Batting: RHB Jeremy Adams 0-0: Ball
1-0: Foul Ball, location: 2F
1-1: Foul Ball, location: 2F
1-2: Ball
2-2: Strikes out looking
Top of the 9th over - 0 runs, 0 hits, 0 errors, 0 left on base; Mobile 10 - Jacksonville 13
Tuesday, March 28th , 2023 - OOTP Baseball 23.10 Build 110